 Dungeon Crawl Stone Soup version 0.27-a0-92-g39ad13b146 (webtiles) character file.

Game seed: 9751465551189659273

102021 kae the Brawler (level 15, -2/132 HPs)
             Began as a Black Draconian Transmuter on Jan 15, 2021.
             Was the Champion of Wu Jian.
             Killed from afar by bmj180's ghost (41 damage)
             ... with an iron shot
             ... on level 15 of the Dungeon.
             The game lasted 00:31:26 (37743 turns).

kae the Brawler (Black Draconian Transmuter)       Turns: 37743, Time: 00:31:27

Health: -2/132     AC: 21    Str: 17    XL:     15   Next: 85%
Magic:  0/29       EV: 22    Int: 14    God:    Wu Jian [******]
Gold:   1605       SH:  8    Dex: 13    Spells: 12/34 levels left

rFire    + . .     SeeInvis .     - Unarmed
rCold    . . .     Faith    .   (shield currently unavailable)
rNeg     . . .     Spirit   +   (armour unavailable)
rPois    +         Reflect  .   D - +2 hat
rElec    +         Harm     .   Z - +2 cloak {rPois}
rCorr    .         Rampage  .   (gloves currently unavailable)
Will     +....                  J - +2 pair of boots {Stlth+}
Stlth    +.........             b - brooch of Shielding {Spirit SH+8}
HPRegen  0.32/turn              H - ring "Ydown" {rF+ EV+4}
MPRegen  0.21/turn              R - +4 ring of protection

@: lethally poisoned (-2 -> -3), blade hands (expiring), flying, slowed, very
slow
A: breathe lightning, unfitting armour, big wings, electricity resistance,
cold-blooded, AC +9
a: Breathe Lightning, Stop Flying, End Transformation, Renounce Religion, Wall
Jump, Serpent's Lash, Heavenly Storm


You were on level 15 of the Dungeon.
You worshipped Wu Jian.
Wu Jian was exalted by your worship.
You had blades for hands.
You visited 4 branches of the dungeon, and saw 24 of its levels.
You also visited: Ossuary and Gauntlet.

You collected 3086 gold pieces.
You spent 1481 gold pieces at shops.

Inventory:

Armour
 D - a +2 hat (worn)
 E - the +3 hat of Pondering {ponderous, Will+ MP+10 Int+5}
   (You took it off Gastronok on level 8 of the Dungeon)

   It affects your intelligence (+5).
   It affects your willpower, your defense against some magical effects.
   It affects your magic capacity (+10).
 J - a +2 pair of boots of stealth (worn)
 Z - a +2 cloak of poison resistance (worn)
Jewellery
 b - the brooch of Shielding (around neck) {Spirit SH+8}
   (You acquired it on level 1 of the Lair of Beasts)

   [amulet of guardian spirit]

   It causes incoming damage to be split between your health and magic.
   It affects your SH (+8).
 c - an uncursed ring of poison resistance
 e - an uncursed ring of willpower
 h - an uncursed ring of ice {unknown}
 i - an uncursed ring of positive energy
 y - a +6 ring of dexterity
 A - an uncursed ring of magical power
 H - the ring "Ydown" (left scythe-like blade) {rF+ EV+4}
   (You found it in a Gauntlet)

   [ring of evasion]

   It affects your evasion (+4).
   It protects you from fire.
 I - the amulet of Arykits {Spirit rF+ rN+ Int+4}
   (You found it in a Gauntlet)

   [amulet of guardian spirit]

   It causes incoming damage to be split between your health and magic.
   It affects your intelligence (+4).
   It protects you from fire.
   It protects you from negative energy.
 L - an uncursed ring of protection from cold
 Q - the ring "Xewkucw" {*Tele SInv}
   (You found it on level 1 of the Lair of Beasts)

   [ring of teleportation]

   It may teleport you next to monsters.
   It lets you see invisible.
 R - a +4 ring of protection (right scythe-like blade)
 T - an uncursed ring of see invisible
 U - an uncursed ring of positive energy
Wands
 p - a wand of random effects (25)
 w - a wand of digging (19)
 K - a wand of disintegration (45)
 M - a wand of flame (93)
 N - a wand of iceblast (51)
 O - a wand of paralysis (21)
 P - a wand of acid (20)
 W - a wand of enslavement (20)
 Y - a wand of polymorph (6)
Scrolls
 k - 4 scrolls of enchant armour
 l - 11 scrolls of remove curse
 r - 11 scrolls of teleportation
 u - 4 scrolls of fear
 x - 4 scrolls of magic mapping
 z - 7 scrolls of blinking
 C - 12 scrolls of identify
 F - a scroll of enchant weapon
 G - a scroll of immolation
 S - a scroll of fog
 X - a scroll of vulnerability
Potions
 a - 5 potions of magic
 d - 3 potions of might
 f - 5 potions of brilliance
 g - 2 potions of heal wounds
 j - 5 potions of attraction
 m - 3 potions of invisibility {unknown}
 n - 4 potions of ambrosia
 o - 8 potions of curing
 q - 4 potions of berserk rage
 s - 4 potions of cancellation
 t - 3 potions of lignification
 v - 4 potions of haste
 B - 2 potions of mutation
 V - 2 potions of resistance


   Skills:
 - Level 12.0 Fighting
 + Level 10.6 Dodging
 * Level 15.7 Unarmed Combat
 - Level 10.2 Spellcasting
 * Level 12.1 Transmutations
 - Level 5.0 Ice Magic
 - Level 2.0 Poison Magic
 - Level 7.0 Evocations


You had 12 spell levels left.
You knew the following spells:

 Your Spells              Type           Power        Failure   Level
a - Hydra Form            Tmut           20%          47%         6
c - Ice Form              Ice/Tmut       31%          26%         4
d - Blade Hands           Tmut           20%          21%         5
e - Dragon Form           Tmut           20%          88%         7

Your spell library contained the following spells:

 Spells                   Type           Power        Failure   Level
 Beastly Appendage        Tmut           82%          6%          1
 Wereblood                Tmut           41%          7%          2
 Freeze                   Ice            84%          17%         1
 Spider Form              Tmut/Pois      13%          19%         3
 Frozen Ramparts          Ice            42%          30%         3
 Ozocubu's Armour         Ice            21%          30%         3
 Ensorcelled Hibernation  Hex/Ice        28%          34%         2
 Petrify                  Tmut/Erth      24%          43%         4
 Corona                   Hex            7%           47%         1
 Foxfire                  Conj/Fire      28%          47%         1
 Magic Dart               Conj           28%          47%         1
 Corpse Rot               Necr/Air       N/A          56%         2
 Searing Ray              Conj           14%          56%         2
 Slow                     Hex            7%           56%         2
 Irradiate                Conj/Tmut      12%          67%         5
 Yara's Violent Unravell  Hex/Tmut       12%          67%         5
 Confusing Touch          Hex            7%           73%         3
 Conjure Flame            Conj/Fire      7%           73%         3
 Dazzling Flash           Conj/Hex       14%          73%         3
 Gell's Gravitas          Tloc           3%           73%         3
 Inner Flame              Hex/Fire       7%           73%         3
 Static Discharge         Conj/Air       7%           73%         3
 Stone Arrow              Conj/Erth      14%          73%         3
 Tukima's Dance           Hex            7%           73%         3
 Hailstorm                Conj/Ice       14%          78%         4
 Summon Ice Beast         Ice/Summ       14%          78%         4
 Eringya's Noxious Bog    Tmut/Pois      13%          94%         6
 Cause Fear               Hex            3%           96%         4
 Fulminant Prism          Conj/Hex       3%           96%         4
 Iskenderun's Mystic Bla  Conj/Tloc      7%           96%         4
 Leda's Liquefaction      Hex/Erth       3%           96%         4
 Sticky Flame             Conj/Fire      7%           96%         4
 Summon Lightning Spire   Summ/Air       7%           96%         4
 Metabolic Englaciation   Hex/Ice        7%           96%         5
 Statue Form              Tmut/Erth      16%          98%         6
 Borgnjor's Vile Clutch   Necr/Erth      3%           100%        5
 Fireball                 Conj/Fire      3%           100%        5
 Lightning Bolt           Conj/Air       3%           100%        5
 Silence                  Hex/Air        3%           100%        5
 Summon Forest            Summ/Tloc      3%           100%        5
 Conjure Ball Lightning   Conj/Air       3%           100%        6
 Simulacrum               Ice/Necr       7%           100%        6
 Summon Hydra             Summ           3%           100%        7
 Discord                  Hex            3%           100%        8
 Ignition                 Fire           3%           100%        8
 Shatter                  Erth           3%           100%        9
 Tornado                  Air            3%           100%        9


Dungeon Overview and Level Annotations

Branches:
Dungeon (15/15)            Temple (1/1) D:7            Lair (6/6) D:9
 Shoals (0/4) Lair:4       Spider (0/4) Lair:2        Slime (0/5) Lair:5
    Orc (2/2) D:12            Elf (0/3) Orc:2        Vaults (0/5) D:13
 Depths (0/5) D:15        Ossuary (visited)         Gauntlet (visited)

Altars:
Ashenzari
Cheibriados
Dithmenos
Elyvilon
Fedhas
Gozag
Hepliaklqana
Kikubaaqudgha
Makhleb
Nemelex Xobeh
Okawaru
Qazlal
Ru
Sif Muna
Trog
Uskayaw
Vehumet
Wu Jian
Xom
Yredelemnul
Zin
The Shining One

Shops:
D:8 [   D:15 [   Orc:2 (!*:*

Annotations:
D:9 Erolcha
D:14 2 transporters
D:15 bmj180's ghost, veteran DrCj
Lair:4 exclusions: hydra and orange crystal statue
Lair:5 exclusion: 4 oklob plants, Snorg


Innate Abilities, Weirdness & Mutations

You can breathe wild blasts of lightning.
Your glossy black scales are hard. (AC +9)
You cannot fit into any form of body armour.
Your large and strong wings let you fly indefinitely.
You are resistant to electric shocks. (rElec)
You are cold-blooded and may be slowed by cold attacks.


Message History

The freezing blast misses you.
Bmj180's ghost hits you but does no damage.
You slash bmj180's ghost!
Bmj180's ghost is severely damaged.
You are engulfed in freezing vapours.
You feel yourself slow down.
The spellforged servitor hums quietly as it recharges.
Bmj180's ghost mumbles some strange words.
Bmj180's ghost begins to radiate toxic energy.
* * * LOW HITPOINT WARNING * * *
You shred bmj180's ghost!!!
Your tail-slap misses bmj180's ghost.
Your slash misses bmj180's ghost.
Bmj180's ghost is almost destroyed.
You are engulfed in freezing vapours.
You feel as though you will be slow longer.
* * * LOW HITPOINT WARNING * * *
You are poisoned.
The spellforged servitor is engulfed in freezing vapours.
Bmj180's ghost gestures at you while chanting.
The iron shot hits you!!!
You die...

#.####...........#.#.#(..........
..# #...#.#.#.#.............####
#.# #......................†'...
..# #...#.#.#.#.#...........#...
.## #...........#...........#...
######...#.#.#.#.........#.#.##+#
..................##.............
#..............#####.....#.#.....
..............○8@○○.[............
#.........###'○W###..............
......###(#...○☼☼.#......#######.
#.....#...#.#..##.#......#.......
......#...#.#.....#......#.......
#.....#...#W###.###......#.....#.
......#(..#.#...# #......#####+#.
......'...##H|=}W##..............
......#...#..#H#$.#........###'#.


You could see a spellforged servitor (summoned) and bmj180's ghost (toxic aura).

Vanquished Creatures
  Gastronok (D:8)
  Kirke (Lair:6)
  2 minotaurs
  The ghost of Yorgos the Blocker, a journeyman GnFi of Qazlal (D:13)
  Josephine (D:13)
  A fire dragon (D:15)
  A great orb of eyes (Gauntlet)
  The ghost of ma3 the Cleaver, a journeyman GrFi of Okawaru (Lair:3)
  5 boulder beetles
  12 hydras
  An ice dragon (Lair:6)
  A catoblepas (Lair:6)
  A centaur warrior (D:14)
  Erica (D:11)
  2 death scarabs (Gauntlet)
  6 two-headed ogres
  An orc high priest (Orc:1)
  3 death yaks (Lair:6)
  Urug (Lair:6)
  A spectral catoblepas (Gauntlet)
  A spectral death yak (Lair:3)
  5 skeletal warriors (D:13)
  2 wizards (D:15)
  3 unseen horrors
  4 lindwurms
  3 orc knights (Orc:2)
  A necromancer (D:15)
  2 orc sorcerers
  A wolf spider zombie (D:15)
  2 deep elf magi
  2 wolf spiders (Lair:1)
  3 ugly things
  A cyclops (D:15)
  4 black mambas
  5 elephants
  4 manticores
  3 naga magi (D:15)
  Psyche (D:8)
  2 gargoyles (D:11)
  6 torpor snails (Lair:6)
  13 cane toads
  A minotaur zombie (Gauntlet)
  3 rime drakes (Lair:6)
  2 kobold demonologists
  2 freezing wraiths (D:15)
  9 komodo dragons
  An efreet (D:15)
  3 polar bears
  13 trolls
  7 hornets (Lair:6)
  9 slime creatures
  3 tyrant leeches (Lair:6)
  18 blink frogs
  A blink frog (shapeshifter) (D:14)
  7 dream sheep
  A vampire (D:13)
  Sigmund (D:1)
  A shadow (D:13)
  3 wraiths (D:13)
  41 yaks
  6 wyverns
  Eustachio (D:6)
  7 basilisks
  3 hogs (Lair:5)
  A spectral komodo dragon (Gauntlet)
  A steam dragon (D:11)
  2 vampire mosquitoes (D:15)
  3 swamp worms (Gauntlet)
  13 water moccasins
  A soldier ant (D:15)
  A spectral cane toad (Gauntlet)
  5 sky beasts
  9 ice beasts
  33 orc warriors
  5 phantoms
  5 black bears
  3 hornet zombies
  13 wolves
  10 ogres
  15 centaurs
  6 big kobolds
  11 bullfrogs
  Blork the orc (D:4)
  2 hornet simulacra (D:10)
  9 scorpions
  A troll zombie (Ossuary)
  16 killer bees
  13 wights
  3 howler monkeys (D:7)
  4 electric eels (D:10)
  2 lava snakes (Lair:4)
  4 centaur zombies
  10 jellies
  2 quasits
  2 komodo dragon simulacra (Lair:3)
  14 orc priests
  Crazy Yiuf (D:2)
  7 centaur skeletons
  6 bullfrog skeletons
  9 hounds
  17 orc wizards
  3 iguanas
  8 worker ants
  2 ogre zombies (Ossuary)
  4 centaur simulacra
  A hound skeleton (D:10)
  7 mummies (Ossuary)
  Robin (D:2)
  4 gnolls (D:2)
  23 adders
  2 river rats (D:15)
  A shadow imp (D:9)
  4 white imps
  10 ufetubi
  4 adder zombies (Ossuary)
  2 adder skeletons
  4 leopard geckos
  83 orcs
  A ball python (D:4)
  4 giant cockroaches
  11 goblins
  8 hobgoblins
  22 jackals
  31 kobolds
  3 quokkas
  7 bats
  8 frilled lizards
  2 gnoll zombies (Ossuary)
  2 goblin zombies (Ossuary)
  A hobgoblin zombie (Ossuary)
  4 kobold zombies (Ossuary)
  An orc zombie (Ossuary)
  A quokka skeleton (D:4)
  5 quokka zombies (Ossuary)
  8 rats
  8 rat zombies
805 creatures vanquished.

Vanquished Creatures (others)
  A spectral komodo dragon (Lair:3)
  An orc (D:11)
  2 jackals (D:10)
  36 fungi
  59 plants
  2 withered plants (Gauntlet)
101 creatures vanquished.

Grand Total: 906 creatures vanquished

Notes
Turn   | Place    | Note
-------+----------+-------------------------------------------
     0 | D:1      | kae the Draconian Transmuter began the quest for the Orb.
     0 | D:1      | Reached XP level 1. HP: 16/16 MP: 3/3
   438 | D:1      | Reached XP level 2. HP: 22/23 MP: 3/5
   841 | D:2      | Reached XP level 3. HP: 25/28 MP: 4/6
   926 | D:2      | Found an iron altar of Okawaru.
  1299 | D:2      | Reached XP level 4. HP: 28/36 MP: 5/7
  1317 | D:1      | Learned a level 3 spell: Spider Form
  1695 | D:2      | Noticed Sigmund
  1695 | D:2      | Noticed Robin
  1709 | D:1      | Reached skill level 4 in Unarmed Combat
  1719 | D:1      | Killed Sigmund
  1720 | D:1      | Reached XP level 5. HP: 30/44 MP: 5/9
  1720 | D:1      | Reached XP level 6. HP: 34/50 MP: 5/10
  1831 | D:2      | Killed Robin
  2028 | D:2      | Found a runed translucent door.
  2029 | D:2      | Noticed Crazy Yiuf
  2066 | D:2      | Learned a level 4 spell: Ice Form
  2327 | D:2      | Killed Crazy Yiuf
  2629 | D:3      | Found a faded altar of an unknown god.
  3223 | D:4      | Noticed Blork the orc
  3242 | D:4      | Killed Blork the orc
  3243 | D:4      | Reached skill level 5 in Unarmed Combat
  3243 | D:4      | Reached skill level 1 in Ice Magic
  3548 | D:4      | Your scales start taking on a glossy black colour.
  3548 | D:4      | Reached XP level 7. HP: 53/57 MP: 7/11
  3548 | D:4      | Gained mutation: You are resistant to electric shocks.
                  | (rElec) [Black Draconian growth]
  3598 | D:4      | Reached skill level 1 in Poison Magic
  4207 | D:5      | Entered Level 5 of the Dungeon
  4354 | D:5      | Found a sand-covered staircase.
  4369 | Ossuary  | Entered an ossuary
  5134 | Ossuary  | Reached XP level 8. HP: 66/66 MP: 13/13
  5703 | D:5      | Reached skill level 6 in Unarmed Combat
  7006 | D:6      | Noticed Eustachio
  7023 | D:6      | Killed Eustachio
  7308 | D:6      | Reached skill level 7 in Unarmed Combat
  7433 | D:6      | Reached XP level 9. HP: 43/73 MP: 12/15
  7584 | D:6      | Reached skill level 5 in Fighting
  8111 | D:7      | Reached skill level 5 in Transmutations
  8752 | D:7      | Learned a level 5 spell: Blade Hands
  8834 | D:7      | HP: 1/74 [orc warrior/+0 glaive (29)]
  9211 | D:7      | Reached skill level 5 in Spellcasting
  9266 | D:7      | Reached skill level 8 in Unarmed Combat
  9328 | D:7      | Found a staircase to the Ecumenical Temple.
  9859 | Temple   | Entered the Ecumenical Temple
 10107 | Temple   | Became a worshipper of the Wu Jian Council
 10261 | D:8      | Reached skill level 5 in Dodging
 10484 | D:8      | Noticed Psyche
 10495 | D:8      | Killed Psyche
 10757 | D:8      | Noticed a two-headed ogre
 10757 | D:8      | Noticed Gastronok
 10769 | D:8      | Killed a two-headed ogre
 10770 | D:8      | Reached XP level 10. HP: 52/83 MP: 18/18
 10986 | D:8      | Found Pietoz's Antique Armour Shop.
 10992 | D:8      | Bought a runed hat for 168 gold pieces
 11064 | D:8      | Found a shadowy altar of Dithmenos.
 11104 | D:8      | Noticed a two-headed ogre
 11112 | D:8      | Killed a two-headed ogre
 11113 | D:8      | Reached skill level 9 in Unarmed Combat
 11340 | D:8      | Killed Gastronok
 11341 | D:8      | Reached skill level 5 in Ice Magic
 11835 | D:9      | Reached * piety under Wu Jian
 12051 | D:9      | Reached XP level 11. HP: 71/90 MP: 16/20
 12669 | D:9      | Found a staircase to the Lair.
 12785 | D:9      | Noticed Erolcha
 13160 | D:9      | Reached skill level 10 in Unarmed Combat
 13486 | D:9      | Reached ** piety under Wu Jian
 13522 | D:9      | Identified the +4 hand axe of Gallantry {holy, Int+4}
 13801 | D:10     | Entered Level 10 of the Dungeon
 14427 | D:10     | Noticed a two-headed ogre
 14434 | D:10     | Killed a two-headed ogre
 14540 | D:10     | Noticed a deep elf mage
 14558 | D:10     | Killed a deep elf mage
 15277 | D:10     | Reached skill level 11 in Unarmed Combat
 15289 | D:10     | Reached *** piety under Wu Jian
 16049 | Lair:1   | Entered Level 1 of the Lair of Beasts
 16050 | Lair:1   | Identified a scroll of acquirement
 16050 | Lair:1   | Acquired the brooch of Shielding {Spirit SH+8}
 16051 | Lair:1   | Found the brooch of Shielding {Spirit SH+8}
 16548 | Lair:1   | Reached XP level 12. HP: 103/103 MP: 18/23
 16984 | Lair:1   | Got a sparkling amber ring
 17375 | Lair:2   | Noticed a seven-headed hydra
 17397 | Lair:1   | HP: 4/123 [seven-headed hydra (7)]
 17780 | Lair:1   | Killed a seven-headed hydra
 18061 | Lair:2   | Noticed a boulder beetle
 18082 | Lair:2   | Killed a boulder beetle
 18083 | Lair:2   | Reached skill level 12 in Unarmed Combat
 18742 | Lair:2   | Found a hole to the Spider Nest.
 18760 | Lair:2   | Reached skill level 1 in Evocations
 19663 | Lair:3   | Found a runed translucent gate.
 19777 | Lair:3   | Noticed a boulder beetle
 19792 | Lair:3   | Killed a boulder beetle
 19869 | Lair:3   | Found a runed translucent gate.
 19869 | Lair:3   | Found a runed translucent gate.
 19869 | Lair:3   | Noticed ma3's ghost (journeyman GrFi)
 19899 | Lair:3   | Reached **** piety under Wu Jian
 20842 | Lair:3   | Killed ma3's ghost
 20843 | Lair:3   | Reached XP level 13. HP: 53/111 MP: 9/25
 21258 | Lair:3   | Identified the ring "Xewkucw" {*Tele SInv} (You found it on
                  | level 1 of the Lair of Beasts)
 21435 | Lair:4   | Found a staircase to the Shoals.
 22352 | Lair:5   | Reached skill level 13 in Unarmed Combat
 22426 | Lair:5   | Reached skill level 10 in Fighting
 22501 | Lair:5   | Found a staircase to the Slime Pits.
 22933 | Lair:5   | Found the +8 trident of the Octopus King {venom, rElec
                  | rPois Will+}
 23103 | Lair:5   | Noticed Snorg
 23308 | Lair:6   | Entered Level 6 of the Lair of Beasts
 23351 | Lair:6   | Identified Zeseiwy's Almanac of Unholy Secrets and
                  | Enchantment
 23370 | Lair:6   | Noticed Urug
 24478 | Lair:6   | Killed Urug
 25116 | Lair:6   | Reached ***** piety under Wu Jian
 25117 | Lair:6   | Gained mutation: Your large and strong wings let you fly
                  | indefinitely. [Black Draconian growth]
 25117 | Lair:6   | Reached XP level 14. HP: 95/122 MP: 19/27
 25660 | Lair:6   | Reached skill level 5 in Evocations
 25666 | Lair:6   | Reached skill level 10 in Transmutations
 26265 | Lair:6   | Found a runed translucent door.
 26302 | Lair:6   | Noticed Kirke
 26600 | Lair:6   | Killed Kirke
 26747 | Lair:6   | Reached skill level 14 in Unarmed Combat
 27366 | D:11     | Noticed Erica
 27374 | D:11     | Killed Erica
 27828 | D:11     | Found a stormy altar of Qazlal.
 28526 | D:12     | Found a gate leading to a gauntlet.
 28538 | Gauntlet | Entered a Gauntlet
 28538 | Gauntlet | Found a transporter.
 28538 | Gauntlet | Found a transporter.
 28749 | Gauntlet | Found a transporter.
 28764 | Gauntlet | Found a transporter.
 28782 | Gauntlet | Found a transporter.
 28794 | Gauntlet | Found a transporter.
 28796 | Gauntlet | Found a large runed translucent door.
 28796 | Gauntlet | Found a large runed translucent door.
 28797 | Gauntlet | Found a large runed translucent door.
 28797 | Gauntlet | Found a large runed translucent door.
 28798 | Gauntlet | Found a large runed translucent door.
 28798 | Gauntlet | Found a large runed translucent door.
 28798 | Gauntlet | Found a runed translucent door.
 28798 | Gauntlet | Found a runed translucent door.
 28798 | Gauntlet | Found a large runed translucent door.
 28799 | Gauntlet | Found a large runed translucent door.
 28806 | Gauntlet | Found a large runed translucent door.
 28806 | Gauntlet | Found a large runed translucent door.
 28807 | Gauntlet | Found a large runed translucent door.
 28807 | Gauntlet | Found a large runed translucent door.
 28808 | Gauntlet | Found a large runed translucent door.
 28808 | Gauntlet | Found a large runed translucent door.
 28809 | Gauntlet | Found a runed translucent gate.
 28809 | Gauntlet | Found a runed translucent gate.
 28809 | Gauntlet | Found a runed translucent gate.
 28811 | Gauntlet | Found a transporter.
 28882 | Gauntlet | Found a transporter.
 28893 | Gauntlet | Found a transporter.
 28907 | Gauntlet | Found a transporter.
 28920 | Gauntlet | Found a transporter.
 28923 | Gauntlet | Found a transporter.
 29009 | Gauntlet | Found a transporter.
 29025 | Gauntlet | Found a large runed translucent door.
 29026 | Gauntlet | Found a large runed translucent door.
 29029 | Gauntlet | Found a transporter.
 29053 | Gauntlet | Found a transporter.
 29063 | Gauntlet | Found a transporter.
 29483 | Gauntlet | Got a crude platinum amulet
 29636 | Gauntlet | Got a slimy lapis lazuli ring
 29642 | Gauntlet | Identified the ring "Ydown" {rF+ EV+4} (You found it in a
                  | Gauntlet)
 29643 | Gauntlet | Identified the amulet of Arykits {Spirit rF+ rN+ Int+4}
                  | (You found it in a Gauntlet)
 29896 | D:12     | Reached skill level 10 in Spellcasting
 30670 | D:12     | Reached XP level 15. HP: 83/130 MP: 19/29
 31068 | D:12     | Found a staircase to the Orcish Mines.
 31885 | Orc:1    | Entered Level 1 of the Orcish Mines
 32483 | Orc:2    | Entered Level 2 of the Orcish Mines
 32483 | Orc:2    | Found Kimori's General Store.
 32550 | Orc:2    | Reached skill level 10 in Dodging
 32552 | Orc:2    | Reached ****** piety under Wu Jian
 32782 | Orc:2    | Bought a scroll of identify for 24 gold pieces
 32782 | Orc:2    | Bought a +2 pair of boots of stealth for 258 gold pieces
 33542 | Orc:2    | Found Mauner's Weapon Emporium.
 33543 | Orc:2    | Found Kaquercha's General Store.
 33543 | Orc:2    | Found Vifur's Distillery.
 33985 | Orc:2    | Found Gogaf's Book Shop.
 33989 | Orc:2    | Bought a scroll of identify for 32 gold pieces
 33989 | Orc:2    | Bought a scroll of identify for 32 gold pieces
 33989 | Orc:2    | Bought a scroll of identify for 32 gold pieces
 33997 | Orc:2    | Bought a book of Transfigurations for 935 gold pieces
 34067 | Orc:2    | Found a staircase to the Elven Halls.
 34373 | Orc:2    | Learned a level 7 spell: Dragon Form
 34450 | D:13     | Noticed Josephine
 34492 | D:13     | Reached skill level 15 in Unarmed Combat
 34659 | D:13     | Killed Josephine
 34729 | D:13     | Found a runed translucent door.
 34729 | D:13     | Noticed Yorgos's ghost (journeyman GnFi)
 35089 | D:13     | Found a gate to the Vaults.
 35193 | D:13     | Killed Yorgos's ghost
 35634 | D:14     | Found a transporter.
 35637 | D:14     | Noticed a sphinx
 35638 | D:14     | Noticed a frost giant
 35844 | D:14     | Found a transporter.
 36327 | D:15     | Entered Level 15 of the Dungeon
 36845 | D:15     | Found a runed translucent gate.
 36845 | D:15     | Found a runed translucent gate.
 36845 | D:15     | Found a runed translucent gate.
 36957 | D:15     | Found Inatah's Armour Emporium.
 37009 | D:15     | Noticed bmj180's ghost (veteran DrCj)
 37360 | D:15     | Found a staircase to the Depths.
 37643 | D:15     | Learned a level 6 spell: Hydra Form
 37743 | D:15     | Killed from afar by bmj180's ghost

Illustrated notes

Levels and vault maps discovered:
D:1:      dpeg_arrival_tiny_h, layout_loops_ring, minmay_indecisive_spiral
D:2:      layout_rooms, st_stairs_12, okawaru_ov_weapons_minmay,
          uniq_crazy_yiuf_cottage, uniq_sigmund, uniq_robin
D:3:      layout_rooms, chequers_ecumenical_altar_simple
D:4:      layout_loops_cross, uniq_blork_the_orc
D:5:      layout_loops_ring, enter_ossuary_4, amcnicky_mini_rare_corridor_liquid
D:6:      minmay_angry_zag, layout_cave_pods, uniq_eustachio
D:7:      layout_basic, minmay_temple_entry_overgrown
D:8:      layout_cave_pools, nicolae_dithmenos_through_a_glass_darkly,
          serial_shops, nicolae_shop_trees, grunt_decor_clamped,
          corexii_leaking_fountain, nrook_mini_backslash, feat_on_display,
          uniq_psyche, uniq_gastronok
D:9:      layout_grid_maze, grunt_lair_entry_orc_guard_hut, uniq_erolcha
D:10:     cheibrodos_barr_body, layout_gridville, serial_ice, serial_ice_m,
          serial_ice_j, serial_ice_h, serial_ice_b, serial_ice_e, serial_ice_o,
          serial_ice_f, serial_ice_n, serial_ice_d, serial_ice_g
D:11:     layout_cave_pools, grunt_qazlal_sundering, uniq_erica
D:12:     layout_loops_ring, hiddenorc1_lemuel, gauntlet_entry_generic
D:13:     layout_rooms, david_vaults_1, hellmonk_ghost_happy_afterlife,
          uniq_josephine
D:14:     gammafunk_sealed_arena, layout_basic
D:15:     grunt_enter_depths_magical_seal, layout_irregular_city, serial_shops,
          nicolae_shop_behind_doors, maelrawn_ghost_gauntlet_escape,
          serial_glass, glass_columns_a, glass_columns_c, glass_columns_a,
          glass_columns_c, glass_columns_b, glass_columns_a, glass_columns_c,
          glass_columns_a, glass_columns_a, glass_columns_b, glass_columns_a,
          glass_columns_b, glass_columns_a, glass_columns_c, pond
Temple:   nicolae_temple_the_god_donut
Lair:1:   minmay_lair_venomous_thicket, layout_regular_city, st_stairs_5,
          serial_bayou_shore_b
Lair:2:   layout_cellular_growth, spider_nest_entry_web_field,
          grunt_megastairs_2, lemuel_fruit_fields
Lair:3:   layout_chaotic_city, gammafunk_ghost_necromancy, minmay_holes,
          grunt_forest_small_clearing_treed
Lair:4:   layout_roguey, elwin_shoals_entry_rocks, disabler_island
Lair:5:   layout_layer_cave, minmay_slime_entry_pillars,
          minmay_lair_oklob_chamber, uniq_snorg
Lair:6:   hangedman_lair_in_review, layout_regular_city, wormcave,
          columned_hall_lemuel, lookout_lair_type,
          chequers_serial_rivers_large_b, uniq_urug, uniq_kirke
Orc:1:    layout_caves
Orc:2:    st_orc_rangers, layout_caves, serial_shops, nicolae_shop_statue_plus

Skill      XL: |  1  2  3  4  5  6  7  8  9 10 11 12 13 14 15 |
---------------+----------------------------------------------+-----
Dodging        | 2 3 4 5 6 7 8 9 10 | 10.6
Fighting       | 2 3 4 6 7 8 9 10 11 12 | 12.0
Unarmed Combat | 4 5 7 8 9 11 12 13 14 15 | 15.7
Transmutations | 3 4 6 7 9 10 12 | 12.1
Spellcasting   | 3 4 5 6 7 8 9 10 | 10.2
Ice Magic      | 1 2 3 4 5 |  5.0
Poison Magic   | 1 2 |  2.0
Evocations     | 2 4 6 7 |  7.0

Action                   |  1- 3 |  4- 6 |  7- 9 | 10-12 | 13-15 || total
-------------------------+-------+-------+-------+-------+-------++-------
Melee: Unarmed           |    94 |   159 |   532 |   582 |  1158 ||  2525
       Headbutt          |     7 |     7 |    28 |     3 |       ||    45
       Kick              |    10 |    11 |    46 |     3 |       ||    70
       Tailslap          |     5 |    11 |    35 |    66 |   167 ||   284
       Punch             |     1 |     1 |     6 |    28 |    62 ||    98
 Cast: Beastly Appendage |    17 |    21 |    34 |     1 |       ||    73
       Spider Form       |       |     7 |    33 |       |       ||    40
       Ice Form          |       |       |     3 |    35 |    19 ||    57
       Blade Hands       |       |       |       |    36 |   118 ||   154
       Hydra Form        |       |       |       |       |     1 ||     1
Invok: Lunge             |       |       |     1 |    42 |    80 ||   123
       Whirlwind         |       |       |       |    14 |    40 ||    54
 Abil: Breathe Lightning |       |       |     2 |       |     1 ||     3
       Wall Jump         |       |       |       |       |     1 ||     1
       Fly               |       |       |       |       |     1 ||     1
Evoke: Wand              |       |       |       |     1 |     3 ||     4
  Use: Scroll            |       |       |    15 |     7 |    22 ||    44
       Potion            |       |       |     1 |       |       ||     1
 Stab: Sleeping          |       |       |     2 |     2 |     1 ||     5
       Distracted        |       |       |       |       |     1 ||     1
Armor: Skin              |    46 |    61 |   110 |    93 |   217 ||   527
Dodge: Dodged            |    82 |   148 |   391 |   324 |   708 ||  1653
Block: Other             |       |       |    50 |   153 |   342 ||   545
       Reflection        |       |       |     4 |     4 |       ||     8

Table legend: (Time is in decaauts)
 A = Elapsed time spent in this place.
 B = Non-inter-level travel time spent in this place.
 C = Inter-level travel time spent in this place.
 D = Time resting spent in this place.
 E = Time spent auto-exploring this place.
 F = Levels seen in this place.
 G = Mean time per level.
                   A        B        C        D        E       F      G
               +--------+--------+--------+--------+--------+-----+--------+
         Total |  37317 |  36056 |   1261 |   7143 |  23474 |  26 | 1435.3 |
       Dungeon |  21187 |  20368 |    819 |   3436 |  13696 |  15 | 1412.5 |
        Temple |    262 |    233 |     29 |      0 |    232 |   1 |  262.0 |
          Lair |  10811 |  10486 |    325 |   2495 |   6576 |   6 | 1801.8 |
  Orcish Mines |   2500 |   2413 |     87 |    630 |   1389 |   2 | 1250.0 |
       Ossuary |   1214 |   1214 |      0 |    372 |    630 |   1 | 1214.0 |
      Gauntlet |   1341 |   1341 |      0 |    210 |    950 |   1 | 1341.0 |
               +--------+--------+--------+--------+--------+-----+--------+

Top non-repeatable levels by time:
  Lair:6: 3233 daAuts
     D:9: 2522 daAuts
    D:10: 2199 daAuts
     D:6: 1937 daAuts
  Lair:2: 1731 daAuts
    D:12: 1696 daAuts
  Lair:3: 1653 daAuts
  Lair:5: 1634 daAuts
     D:7: 1588 daAuts
  Lair:1: 1524 daAuts
     D:8: 1508 daAuts
    D:11: 1485 daAuts
    D:15: 1383 daAuts
   Orc:1: 1362 daAuts
     D:1: 1349 daAuts
